 Dungeon Crawl Stone Soup version 0.32-a0-818-gb728d0252e (webtiles) character file.

Game seed: 18225810164517035755

49 AstroCodex24 the Shield-Bearer (level 3, -5/29 HPs)
             Began as a Vampire Fighter on Mar 23, 2024.
             Killed from afar by Ijyb (13 damage)
             ... with a bolt of acid
             ... on level 3 of the Dungeon.
             The game lasted 00:02:16 (387 turns).

AstroCodex24 the Shield-Bearer (Vampire Fighter)     Turns: 387, Time: 00:02:17

Health: -5/29      AC:  6    Str: 17    XL:     3   Next: 51%
Magic:  0/0        EV:  8    Int: 10    God:
Gold:   16         SH:  4    Dex: 13    Spells: 2/2 levels left

rFire   . . .        e - +4 mace of the Beast {drain, ^Drain rElec MP-9 Stlth+}
rCold   . . .        c - +0 buckler
rNeg    . . .        b - +0 scale mail
rPois   .            (no helmet)
rElec   +            (no cloak)
rCorr   .            (no gloves)
SInv    +            (no boots)
Will    +....        (no amulet)
Stlth   +            (no ring)
HPRegen 0.44/turn    (no ring)
MPRegen 0.07/turn

%: no passive effects
@: lethally poisoned (-5 -> -9), enlightened, flying, healing quickly
A: alive, fangs 3, see invisible, vampiric 2
a: Exsanguinate


You were on level 3 of the Dungeon.
You visited 1 branch of the dungeon, and saw 3 of its levels.

You collected 16 gold pieces.

Inventory:

Hand Weapons
 a - a +0 war axe
 e - the +4 mace of the Beast (weapon) {drain, ^Drain rElec MP-9 Stlth+}
   (You found it on level 2 of the Dungeon)

   rElec:     It insulates you from electricity.
   MP-9:      It affects your magic capacity (-9).
   ^Drain:    It drains your maximum health when unequipped.
   Stlth+:    It makes you more stealthy.
Armour
 b - a +0 scale mail (worn)
 c - a +0 buckler (worn)
Jewellery
 i - a ring of willpower
Scrolls
 f - 2 scrolls of identify {unknown}
 h - a scroll of amnesia {unknown}
 j - a scroll of noise {unknown}
Potions
 d - 2 potions of might


   Skills:
 + Level 3.1 Fighting
 + Level 2.0(2.1) Axes
 + Level 0.2(1.1) Maces & Flails
 + Level 2.8 Armour
 + Level 3.2 Shields


You had 2 spell levels left.
You didn't know any spells.
Your spell library contained the following spells:

 Spells                   Type           Power      Damage    Failure   Level
 Call Canine Familiar     Summ           0%         N/A       99%         3
 Sigil of Binding         Hex            0%         N/A       99%         3
 Dimensional Bullseye     Hex/Tloc       0%         N/A       100%        4


Dungeon Overview and Level Annotations

Branches:
Dungeon (3/15)

Altars:

Annotations:
D:3 Ijyb


Innate Abilities, Weirdness & Mutations

Your natural rate of healing is accelerated.
You have razor-sharp teeth.
You have supernaturally acute eyesight. (SInv)
You are afflicted with vampirism and can become a bat while bloodless.


Message History

Found 3 gold pieces.
You hit Ijyb.
Ijyb is lightly wounded.
Ijyb zaps a wand.
The bolt of acid hits you but does no damage.
Ijyb grins evilly.
Ijyb hits you with a +2 dagger of venom.
You are poisoned.
You hear a loud squeak.
You barely miss Ijyb. Your bite misses Ijyb.
Ijyb is lightly wounded.
You feel sick.
You hear a shout!
Ijyb hits you but does no damage.
You are more poisoned.
A rat comes into view.
It was a potion of enlightenment.
You feel very buoyant.
You fly up into the air.
You feel very sick. You block Ijyb's attack.
A bat comes into view.
You sock Ijyb!
Ijyb is heavily wounded.
You feel very sick. Ijyb hits you but does no damage.
You are more poisoned.
You hit Ijyb but do no damage.
Ijyb is heavily wounded.
You feel very sick.
Ijyb screams, "Me yet to meet anyone who can outsmart wand!"
You block Ijyb's attack.
A hobgoblin comes into view.
Ijyb hits you with a +2 dagger of venom!
You hit Ijyb but do no damage.
Ijyb is heavily wounded.
You feel very sick.
Ijyb zaps a wand.
The bolt of acid hits you!
You die...
Ijyb moans, "Good help so hard to find!"

#. #. #. #. ## #
########################
.......#.............##.
......g@.###########.##.
#.####r### #.##. #b
#.##. #. #.##. .. #.##.
.g #.##. ..$ #.##. ...
#.... ###..


You could see Ijyb, a hobgoblin, a bat and a rat.

Vanquished Creatures
  4 adders
  An endoplasm (D:2)
  A giant cockroach (D:2)
  A goblin (D:2)
  A hobgoblin (D:2)
  A quokka (D:2)
  A ball python (D:2)
  A ball python skeleton (D:3)
  4 kobolds
15 creatures vanquished.

Notes
Turn   | Place    | Note
-------+----------+-------------------------------------------
     0 | D:1      | AstroCodex24 the Vampire Fighter began the quest for the
                  | Orb.
     0 | D:1      | Reached XP level 1. HP: 17/17 MP: 1/1
    18 | D:2      | Reached XP level 2. HP: 15/23 MP: 2/2
    34 | D:2      | Identified the +4 mace of the Beast {drain, ^Drain rElec
                  | MP-9 Stlth+}
    99 | D:2      | Gained mutation: You are afflicted with vampirism and can
                  | become a bat while bloodless. [Vampire growth]
    99 | D:2      | Reached XP level 3. HP: 29/29 MP: 0/3
   378 | D:3      | Noticed Ijyb
   387 | D:3      | Killed from afar by Ijyb

Illustrated notes

Levels and vault maps discovered:
D:1:      dpeg_arrival_windows_large_door, layout_loops_corners
D:2:      layout_loops_ring, serial_shops, shop
D:3:      layout_loops_ring, nicolae_uskayaw_dance_hall, serial_undead,
          serial_undead_b, serial_undead_a, serial_undead_d, serial_undead_d,
          serial_undead_c, serial_undead_f, grunt_ministairs_11, uniq_ijyb

Skill      XL: |  1  2 |
---------------+-------+-----
Fighting       | 3 |  3.1
Axes           | 2 |  2.0
Shields        | 3 |  3.2
Maces & Flails | |  0.2
Armour         | |  2.8

Action                     || total
---------------------------++-------
  Melee: War axe           ||    12
         Bite              ||     2
         Mace              ||    21
    Use: Potion            ||     1
 Armour: Scale mail        ||    48
  Dodge: Dodged            ||    26
  Block: Buckler           ||    15

Table legend: (Time is in decaauts)
 A = Elapsed time spent in this place.
 B = Non-inter-level travel time spent in this place.
 C = Inter-level travel time spent in this place.
 D = Time resting spent in this place.
 E = Time spent auto-exploring this place.
 F = Levels seen in this place.
 G = Mean time per level.
                   A        B        C        D        E       F      G
               +--------+--------+--------+--------+--------+-----+--------+
         Total |    398 |    376 |     22 |      0 |      0 |   3 |  132.7 |
       Dungeon |    398 |    376 |     22 |      0 |      0 |   3 |  132.7 |
               +--------+--------+--------+--------+--------+-----+--------+

Top non-repeatable levels by time:
     D:3: 222 daAuts
     D:2: 166 daAuts
     D:1: 9 daAuts
